[Event "Team 45 45 League T74"]
[Site "Internet Chess Club"]
[Date "2017.09.23"]
[Round "2"]
[White "Ajolote"]
[Black "justice02"]
[Result "1-0"]
[WhiteElo "1837"]
[BlackElo "1654"]
[Opening "French: Chigorin variation"]
[ECO "C00"]
[Time "20:00:29"]
[TimeControl "2700+45"]

1. e4 e6 2. Qe2 Nc6 3. Nf3 e5 4. g3 Nf6 5. Bg2 Bc5 6. Nc3 a6 7. O-O d6 8. Nd5
Bg4 9. c3 h6 10. d3 Rb8 11. Be3 Bxe3 12. Qxe3 Be6 13. Nh4 O-O 14. Rae1 Nh5 15.
Nf5 Kh7 16. d4 a5 17. h3 Nf6 18. Nh4 Nh5 19. Nf5 b6 20. g4 Nf6 21. Ng3 Nd7 22.
f4 exd4 23. cxd4 Re8 24. Qd3 Nf8 25. e5+ Kh8 26. Nc3 Nb4 27. Qe4 Bc4 28. Rf3
Nxa2 29. d5 Nxc3 30. Rxc3 Ba6 31. Qf5 Qe7 32. Rce3 Qd7 33. e6 fxe6 34. dxe6 Qe7
35. Bc6 Red8 36. Qh5 Bb7 37. Nf5 Qf6 38. Bxb7 Rxb7 39. e7 Rdb8 40. e8=Q Rxe8 41.
Rxe8 Kh7 42. R8e7 Qxb2 43. Qxh6+ {Black resigns} 1-0

[Event "Team 45 45 League T74"]
[Site "Internet Chess Club"]
[Date "2017.09.20"]
[Round "2"]
[White "Grenadier"]
[Black "fireball"]
[Result "1-0"]
[WhiteElo "1618"]
[BlackElo "1555"]
[Opening "French: advance, Euwe variation"]
[ECO "C02"]
[Time "20:33:00"]
[TimeControl "2700+45"]

1. e4 e6 2. d4 d5 3. e5 c5 4. c3 Nc6 5. Nf3 Bd7 6. dxc5 Bxc5 7. Bd3 Qb6 8. O-O
h6 9. Qe2 g5 10. b4 Be7 11. a4 O-O-O 12. Be3 Qc7 13. b5 Na5 14. Nbd2 Kb8 15.
Rfc1 Rc8 16. c4 dxc4 17. Nxc4 Nb3 18. Nd6 Nxc1 19. Rxc1 Qd8 20. Rxc8+ Bxc8 21.
Nxf7 Qa5 22. Nxh8 Qxa4 23. Qc2 Qa1+ 24. Qc1 Qa4 25. h3 Bd7 26. b6 axb6 27. Bxb6
Bc6 28. Nd4 Ba3 29. Nxc6+ Qxc6 30. Qxc6 bxc6 31. Bc4 Ne7 32. Bxe6 Kb7 33. Bd8
Nd5 34. Bxd5 cxd5 35. Kf1 Kc8 36. Ba5 Kd7 37. Nf7 Ke6 38. Nxh6 Kxe5 39. Ke2 d4
40. Kd3 Bc5 41. Ng4+ Kf4 42. Bd2+ Kf5 43. f3 Ba7 44. Nf2 Bb6 45. Ne4 {Black
resigns} 1-0

[Event "Team 45 45 League T74"]
[Site "Internet Chess Club"]
[Date "2017.09.21"]
[Round "2"]
[White "Insan996"]
[Black "bmw2002"]
[Result "1-0"]
[WhiteElo "1631"]
[BlackElo "1506"]
[Opening "King's Indian, 3.Nf3"]
[ECO "E61"]
[Time "21:08:49"]
[TimeControl "2700+45"]

1. d4 Nf6 2. Nf3 g6 3. c4 Bg7 4. Nc3 O-O 5. g3 b6 6. Bg2 Bb7 7. O-O c5 8. d5 d6
9. Qc2 Na6 10. a3 Re8 11. b3 Nc7 12. Bb2 Rb8 13. a4 e6 14. dxe6 Nxe6 15. Rad1
Qe7 16. Nb5 Be4 17. Qc1 Rbd8 18. Nc3 Ba8 19. Rfe1 d5 20. Ne5 Nc7 21. Nb5 a6 22.
Nxc7 Qxc7 23. Nd3 d4 24. Bxa8 Rxa8 25. e3 dxe3 26. Rxe3 Rxe3 27. Qxe3 Re8 28.
Qf3 Ne4 29. Bxg7 Kxg7 30. Nf4 Qe5 31. Kg2 Nc3 32. Rd3 Ne2 33. Nd5 Qa1 34. Re3
Rxe3 35. Nxe3 Qd1 36. Nxd1 {Black resigns} 1-0

[Event "Team 45 45 League T74"]
[Site "Internet Chess Club"]
[Date "2017.09.24"]
[Round "2"]
[White "GoIrish"]
[Black "nidusin2"]
[Result "1-0"]
[WhiteElo "1539"]
[BlackElo "1557"]
[Opening "Réti opening"]
[ECO "A04"]
[Time "06:31:55"]
[TimeControl "2700+45"]

1. Nf3 d6 2. g3 Nf6 3. Bg2 Nc6 4. O-O e5 5. d3 Be7 6. e4 Bg4 7. Nbd2 Qd7 8. c3
h5 9. Qb3 b6 10. Re1 Na5 11. Qc2 Bh3 12. Nh4 Bxg2 13. Kxg2 g6 14. Ndf3 Nh7 15.
b4 Nb7 16. Qb3 a5 17. a3 axb4 18. cxb4 b5 19. Bb2 Ng5 20. Nxg5 Bxg5 21. Nf3 Bf6
22. h4 O-O 23. Rac1 Rac8 24. d4 Rfe8 25. dxe5 dxe5 26. Rcd1 Qe7 27. Rc1 Nd8 28.
Rc5 Nb7 29. Rxb5 c6 30. Rxe5 Bxe5 31. Nxe5 Kf8 32. Nf3 c5 33. Ng5 f5 34. exf5
Qc7 35. Ne6+ Rxe6 36. Qxe6 Qc6+ 37. Qxc6 Rxc6 38. f6 c4 39. Bc3 Nd6 40. a4 Ra6
41. a5 Nb5 42. Rc1 Kf7 43. Kf3 Rd6 44. Ke4 Ke6 45. Be5 Rd5 46. f4 c3 47. f7 Rd8
48. Bxc3 Kxf7 49. Be5 Re8 50. Rc5 Na3 51. a6 Nc2 {Black resigns} 1-0

[Event "Team 45 45 League T74"]
[Site "Internet Chess Club"]
[Date "2017.09.24"]
[Round "2"]
[White "bayoumicardio10"]
[Black "Bizzy-Ketty"]
[Result "1-0"]
[WhiteElo "1473"]
[BlackElo "1578"]
[Opening "Sicilian: Nimzovich-Rossolimo attack (without ...d6)"]
[ECO "B30"]
[Time "15:00:26"]
[TimeControl "2700+45"]

1. e4 c5 2. Nf3 Nc6 3. Bb5 e6 4. Bxc6 bxc6 5. O-O Be7 6. d4 cxd4 7. Qxd4 Nf6 8.
e5 Nd5 9. a3 O-O 10. c4 Nb6 11. Rd1 c5 12. Qd3 Bb7 13. b3 h6 14. Nc3 a6 15. Ne4
Nc8 16. Be3 Qc7 17. Rd2 Qc6 18. Ng3 Rd8 19. Rad1 Qc7 20. Ne4 Qc6 21. Ng3 d6 22.
Qc2 Nb6 23. exd6 Rxd6 24. Bf4 Rxd2 25. Rxd2 Rd8 26. Rxd8+ Bxd8 27. Qd2 Bf6 28.
Nh5 Be7 29. Bxh6 gxh6 30. Qxh6 Bf8 31. Nf6# {Black checkmated} 1-0

[Event "Team 45 45 League T74"]
[Site "Internet Chess Club"]
[Date "2017.09.20"]
[Round "2"]
[White "g8wrb"]
[Black "isaacdp"]
[Result "1-0"]
[WhiteElo "1276"]
[BlackElo "1406"]
[Opening "Pirc defense"]
[ECO "B07"]
[Time "13:09:38"]
[TimeControl "2700+45"]

1. e4 d6 2. d4 Nf6 3. Nc3 e5 4. dxe5 dxe5 5. Qxd8+ Kxd8 6. Nf3 Bd6 7. Bc4 Be6 8.
Bxe6 fxe6 9. O-O c6 10. Be3 Nbd7 11. Rad1 Ke7 12. Rd2 Bc7 13. Rfd1 Rhd8 14. b4
a6 15. a4 h6 16. h3 Nh5 17. Ne2 g5 18. Nxg5 hxg5 19. Bxg5+ Ndf6 20. c4 Nf4 21.
Nxf4 exf4 22. Rxd8 Rxd8 23. Rxd8 Kxd8 24. Bxf6+ Ke8 25. e5 Kf7 26. g4 fxg3 27.
fxg3 Bb6+ 28. c5 Ba7 29. Kg2 a5 30. bxa5 Bxc5 31. Kf3 Ke8 32. g4 Bb4 33. a6 bxa6
34. Ke4 Kf7 35. h4 Bd2 36. h5 Bb4 37. g5 Bf8 38. Kd4 Kg8 39. g6 Ba3 40. h6 Bb4
41. h7+ {Black resigns} 1-0

[Event "Team 45 45 League T74"]
[Site "Internet Chess Club"]
[Date "2017.09.25"]
[Round "2"]
[White "ColourfulChess"]
[Black "Elalfer"]
[Result "1-0"]
[WhiteElo "1661"]
[BlackElo "1551"]
[Opening "English: symmetrical variation"]
[ECO "A30"]
[Time "21:31:06"]
[TimeControl "2700+45"]

1. c4 c5 2. g3 g6 3. Bg2 Bg7 4. Nf3 Nf6 5. Nc3 O-O 6. d4 cxd4 7. Nxd4 Nc6 8. O-O
Qb6 9. Nc2 Rb8 10. Be3 Qxb2 11. Na4 Qe5 12. Bf4 Qa5 13. Bxb8 Qxa4 14. Bf4 Qxc4
15. Ne3 Qd4 16. Qb3 Nh5 17. Rad1 Qb4 18. Nd5 Qxb3 19. axb3 e6 20. Bd6 Re8 21.
Nc7 Rd8 22. Bxc6 dxc6 23. Be7 Rxd1 24. Rxd1 {Black resigns} 1-0

[Event "Team 45 45 League T74"]
[Site "Internet Chess Club"]
[Date "2017.09.23"]
[Round "2"]
[White "Arthurhon"]
[Black "a-man"]
[Result "0-1"]
[WhiteElo "1512"]
[BlackElo "1680"]
[Opening "Queen's pawn game"]
[ECO "E10"]
[Time "21:00:29"]
[TimeControl "2700+45"]

1. d4 Nf6 2. Nf3 e6 3. c4 c5 4. e3 cxd4 5. exd4 d5 6. Nc3 Be7 7. Bd3 O-O 8. O-O
Nc6 9. Ne2 Bd7 10. Qb3 Na5 11. Qc2 Nxc4 12. Bxc4 Rc8 13. Qb3 dxc4 14. Qxb7 Bc6
15. Qa6 Qb6 16. Qxb6 axb6 17. b3 cxb3 18. axb3 Bd5 19. Ng3 Bxb3 20. Rb1 Bc4 21.
Rxb6 Bxf1 22. Kxf1 Rxc1+ 23. Ke2 Rfc8 24. Rb2 R1c2+ 25. Rxc2 Rxc2+ 26. Ke3 Nd5+
27. Kd3 Rxf2 28. Ne1 Ra2 29. Ke4 g6 30. Kf3 f5 31. Nh1 Bb4 32. Nd3 Ra3 33. Nf2
Be1 34. Ke2 Bxf2 35. Nxf2 Ra2+ 36. Kf3 Rxf2+ 37. Kxf2 Kf7 38. Kf3 Kf6 39. h3 Kg5
40. g3 h5 41. h4+ Kf6 42. Kg2 e5 43. dxe5+ Kxe5 44. Kf3 Kd4 45. Kf2 Ke4 46. Kg2
Ke3 47. Kg1 Kf3 48. Kh2 Ne3 49. Kh3 Nf1 50. g4 hxg4# {White checkmated} 0-1

[Event "Team 45 45 League T74"]
[Site "Internet Chess Club"]
[Date "2017.09.23"]
[Round "2"]
[White "Chesstime2016"]
[Black "scostanzo212"]
[Result "1/2-1/2"]
[WhiteElo "1440"]
[BlackElo "1512"]
[Opening "Sicilian: Grand Prix attack"]
[ECO "B21"]
[Time "13:01:29"]
[TimeControl "2700+45"]

1. e4 c5 2. f4 Nc6 3. Nf3 g6 4. Bc4 Bg7 5. O-O e6 6. d3 Nge7 7. c3 O-O 8. Be3 d5
9. Bb5 b6 10. Nbd2 Bb7 11. e5 Nf5 12. Re1 Nxe3 13. Rxe3 Ne7 14. d4 Nf5 15. Re2
cxd4 16. cxd4 a6 17. Bd3 Ne7 18. Rc1 Rc8 19. Rxc8 Qxc8 20. Nb3 Qd7 21. Qb1 Rc8
22. Rc2 Rxc2 23. Qxc2 Qc6 24. Qxc6 Nxc6 25. a3 Bf8 26. g4 Bh6 27. g5 {Game drawn
by mutual agreement} 1/2-1/2

[Event "Team 45 45 League T74"]
[Site "Internet Chess Club"]
[Date "2017.09.20"]
[Round "2"]
[White "gsb13"]
[Black "RonaldoR"]
[Result "0-1"]
[WhiteElo "1390"]
[BlackElo "1650"]
[Opening "two knights defense: Colman variation"]
[ECO "C58"]
[Time "19:00:59"]
[TimeControl "2700+45"]

1. e4 e5 2. Nf3 Nc6 3. Bc4 Nf6 4. Ng5 d5 5. exd5 Na5 6. Bb5+ c6 7. dxc6 bxc6 8.
Qf3 Rb8 9. Bxc6+ Nxc6 10. Qxc6+ Nd7 11. d3 Be7 12. Nf3 O-O 13. Be3 Bb7 14. Qc3
Bxf3 15. gxf3 Bb4 {White resigns} 0-1

[Event "Team 45 45 League T74"]
[Site "Internet Chess Club"]
[Date "2017.09.23"]
[Round "2"]
[White "kabindra"]
[Black "idjit"]
[Result "1/2-1/2"]
[WhiteElo "1656"]
[BlackElo "1638"]
[Opening "French: Tarrasch, Guimard variation"]
[ECO "C04"]
[Time "11:03:58"]
[TimeControl "2700+45"]

1. e4 e6 2. d4 d5 3. Nd2 Nc6 4. c3 e5 5. exd5 Qxd5 6. Qf3 Nf6 7. Bc4 Qxf3 8.
Ngxf3 exd4 9. cxd4 Be7 10. O-O Be6 11. Bxe6 fxe6 12. Re1 Kd7 13. Nb3 Rhe8 14.
Ng5 Bb4 15. Nc5+ Bxc5 16. dxc5 h6 17. Nf3 Rad8 18. a3 e5 19. b4 e4 20. Nh4 Ke6
21. Bb2 Ne5 22. Bxe5 Kxe5 23. g3 Rd3 24. Ng2 Red8 25. Ne3 Nd5 26. Nc4+ Kd4 27.
Na5 Rb8 28. Rac1 e3 29. Rc4+ Ke5 30. fxe3 Rxe3 31. Rxe3+ Nxe3 32. Rf4 Nf5 33.
Kf2 g5 34. Rf3 h5 35. Rd3 Nd4 36. Re3+ Kf6 37. Re4 Nc6 38. Nc4 b5 39. Ne3 Rd8
40. Ke1 a5 41. bxa5 Nxa5 42. a4 bxa4 43. Rxa4 Nb7 44. Ra6+ Ke5 45. c6 Nc5 46.
Ra5 Kd6 47. Nc4+ Kxc6 48. Ne5+ Kb6 49. Nc4+ Kc6 50. Ne5+ Kb6 51. Nc4+ Kc6 52.
Ne5+ {Game drawn by repetition} 1/2-1/2

[Event "Team 45 45 League T74"]
[Site "Internet Chess Club"]
[Date "2017.09.23"]
[Round "2"]
[White "noblitz-oblige"]
[Black "drsigmund1"]
[Result "1-0"]
[WhiteElo "1445"]
[BlackElo "1419"]
[Opening "French: exchange variation"]
[ECO "C01"]
[Time "10:01:03"]
[TimeControl "2700+45"]

1. e4 e6 2. d4 d5 3. exd5 exd5 4. Nf3 Bd6 5. Nc3 c6 6. h3 Bf5 7. Bd3 Ne7 8. O-O
O-O 9. Re1 Bxd3 10. Qxd3 Nd7 11. Bg5 h6 12. Bh4 g5 13. Bg3 Bxg3 14. fxg3 f5 15.
Re6 Rf6 16. Qe2 Rxe6 17. Qxe6+ Kg7 18. Re1 Ng6 19. Qxf5 Nf6 20. h4 g4 21. Ne5
Ne7 22. Qe6 Qf8 23. Nd7 Qf7 24. Nxf6 Qxf6 25. Qxe7+ Qxe7 26. Rxe7+ Kf6 27. Rxb7
Re8 28. Kf2 {Black resigns} 1-0

[Event "Team 45 45 League T74"]
[Site "Internet Chess Club"]
[Date "2017.09.23"]
[Round "2"]
[White "olivermx"]
[Black "Just-Jim"]
[Result "0-1"]
[WhiteElo "1297"]
[BlackElo "1318"]
[Opening "King's pawn opening"]
[ECO "B07"]
[Time "12:09:52"]
[TimeControl "2700+45"]

1. e4 d6 2. d4 c6 3. c4 Nf6 4. Bd3 Bg4 5. Nf3 e6 6. O-O h6 7. Nbd2 Be7 8. Re1
Na6 9. a3 Bh5 10. Nf1 Qb6 11. Ng3 Bxf3 12. Qxf3 Qxd4 13. Qe2 Nc5 14. Rd1 Nxd3
15. Qxd3 Qxd3 16. Rxd3 O-O-O 17. Be3 Kb8 18. Rad1 c5 19. h3 Ka8 20. Bf4 g5 21.
Bxd6 Bxd6 22. Rxd6 Rxd6 23. Rxd6 a6 24. f3 h5 25. Nf5 g4 26. e5 Nh7 27. fxg4
hxg4 28. hxg4 exf5 29. gxf5 Ng5 30. Rd7 Re8 31. Rd5 Ne4 32. e6 fxe6 33. Re5 Nd6
34. b3 Nxf5 35. Rxc5 e5 36. Kf2 Nd4 37. b4 e4 38. a4 e3+ 39. Ke1 Nc2+ 40. Ke2
Nxb4 41. Rf5 Nc6 42. Rf3 Nd4+ {White resigns} 0-1

[Event "Team 45 45 League T74"]
[Site "Internet Chess Club"]
[Date "2017.09.25"]
[Round "2"]
[White "kingsrook"]
[Black "kabubi"]
[Result "1-0"]
[WhiteElo "1211"]
[BlackElo "1169"]
[Opening "QGD: exchange, positional line"]
[ECO "D35"]
[Time "19:00:35"]
[TimeControl "2700+45"]

1. d4 d5 2. c4 e6 3. Nc3 Nf6 4. cxd5 exd5 5. Bg5 Be7 6. e3 O-O 7. Bd3 c6 8. Nf3
Nbd7 9. O-O Re8 10. Re1 Nf8 11. h3 h6 12. Bf4 Qb6 13. Qc2 Qd8 14. a3 c5 15. dxc5
Bxc5 16. Na4 Bd6 17. Bxd6 Qxd6 18. Qc5 Qd7 19. Qb4 Qe7 20. Qxe7 Rxe7 21. Rac1
Bd7 22. Rc7 b5 23. Nc5 Ne6 24. Nxe6 Rxe6 25. Bf5 Re7 26. Bxd7 Nxd7 27. Rec1 Kh7
28. R1c6 f6 29. Rd6 Rc8 {Black resigns} 1-0

[Event "Team 45 45 League T74"]
[Site "Internet Chess Club"]
[Date "2017.09.22"]
[Round "2"]
[White "RD1974"]
[Black "Constrictor"]
[Result "1/2-1/2"]
[WhiteElo "1583"]
[BlackElo "1494"]
[Opening "Alekhine's defense: exchange variation"]
[ECO "B02"]
[Time "19:01:30"]
[TimeControl "2700+45"]

1. e4 Nf6 2. e5 Nd5 3. c4 Nb6 4. d4 d6 5. exd6 cxd6 6. Nc3 g6 7. Be3 Bg7 8. Rc1
O-O 9. Be2 Nc6 10. h3 Bf5 11. Nf3 Re8 12. O-O d5 13. b3 dxc4 14. bxc4 Rc8 15. c5
Nd5 16. Nxd5 Qxd5 17. Bc4 Qd8 18. d5 Ne5 19. Nxe5 Bxe5 20. Qb3 Qd7 21. c6 Qd6
22. cxb7 Rb8 23. Bxa7 Qf6 24. Bxb8 Bxb8 25. Bb5 Rd8 26. a4 Qd6 27. f4 Qb6+ 28.
Kh1 Qxb7 29. Rcd1 Rc8 30. Qa2 Rc2 31. Qb3 Be4 32. Qg3 Rxg2 33. Qxg2 Bxg2+ 34.
Kxg2 Qb6 35. Rc1 Kg7 36. Rce1 Qd4 37. Rd1 Qe4+ 38. Kg3 g5 39. Rd3 Bxf4+ 40. Kf2
Be5 41. Rfd1 Qf4+ 42. Rf3 Qh2+ 43. Ke3 Qc2 44. Rd3 Qc5+ 45. Kd2 Bf4+ 46. Ke1
Qc1+ {Game drawn by mutual agreement} 1/2-1/2

[Event "Team 45 45 League T74"]
[Site "Internet Chess Club"]
[Date "2017.09.21"]
[Round "2"]
[White "stanbeers"]
[Black "RonaldoR"]
[Result "1/2-1/2"]
[WhiteElo "1298"]
[BlackElo "1637"]
[Opening "English opening"]
[ECO "A10"]
[Time "19:20:55"]
[TimeControl "2700+45"]

1. c4 Nc6 2. g3 d5 3. Bg2 d4 4. Nf3 e5 5. d3 Bb4+ 6. Bd2 a5 7. O-O Nf6 8. a3 Bc5
9. Bg5 O-O 10. Nbd2 Be7 11. Re1 h6 12. Bxf6 Bxf6 13. Ne4 Be7 14. h4 f5 15. Ned2
f4 16. Ne4 fxg3 17. fxg3 Bg4 18. Rf1 Qd7 19. Nh2 Rxf1+ 20. Qxf1 Rf8 21. Nf2 Bh5
22. Qe1 Nd8 23. Bh3 Qe8 24. Nhg4 Nf7 25. Qxa5 Bxg4 26. Bxg4 b6 27. Qd5 Kh8 28.
Rf1 Qd8 29. Qg2 Nd6 30. Ne4 Rxf1+ 31. Kxf1 Qf8+ 32. Ke1 Nxe4 33. Qxe4 Bd6 34.
Qg6 Qf6 35. Qe8+ Kh7 36. Bf3 g6 37. Bd5 Qg7 38. h5 Qf8 39. hxg6+ Kg7 40. Qf7+
Qxf7 41. gxf7 Be7 42. Kf2 Bg5 43. b3 Be7 44. a4 Kf6 45. g4 Kg5 46. Kf3 h5 47.
gxh5 Kxh5 48. e4 Kh4 49. Be6 Kg5 50. Kg3 Kh5 51. Kh3 Kg5 52. Kg3 Kh5 53. Bd5 Kg5
54. Be6 Kh5 55. Kh3 Kg5 56. Kg3 Kh5 {Game drawn by repetition} 1/2-1/2

[Event "Team 45 45 League T74"]
[Site "Internet Chess Club"]
[Date "2017.09.23"]
[Round "2"]
[White "Bible-Believer"]
[Black "rkaebi"]
[Result "0-1"]
[WhiteElo "1364"]
[BlackElo "1406"]
[Opening "QGD: Semi-Tarrasch defense"]
[ECO "D40"]
[Time "15:01:30"]
[TimeControl "2700+45"]

1. d4 d5 2. c4 e6 3. Nc3 Nf6 4. Nf3 c5 5. dxc5 Bxc5 6. cxd5 exd5 7. Nd4 Nc6 8.
Be3 Bb6 9. g3 Ng4 10. Nxc6 Nxe3 11. Nxd8 Nxd1 12. Rxd1 Bxd8 13. Rxd5 O-O 14. e3
Be6 15. Rd2 Bf6 16. Ne4 Bd8 17. b3 Ba5 18. Bg2 Rad8 {White resigns} 0-1

[Event "Team 45 45 League T74"]
[Site "Internet Chess Club"]
[Date "2017.09.22"]
[Round "2"]
[White "bayoumicardio10"]
[Black "crazyhorses"]
[Result "1/2-1/2"]
[WhiteElo "1476"]
[BlackElo "1456"]
[Opening "Scotch gambit: Dubois-Réti defense"]
[ECO "C55"]
[Time "16:01:00"]
[TimeControl "2700+45"]

1. e4 e5 2. Nf3 Nc6 3. d4 exd4 4. Bc4 Nf6 5. e5 d5 6. Bb5 Ne4 7. Nxd4 Bd7 8.
Bxc6 bxc6 9. O-O Bc5 10. Be3 Rb8 11. f3 Ng5 12. f4 Ne4 13. Qc1 O-O 14. Nb3 Bb6
15. Nc3 Nxc3 16. bxc3 Bc8 17. Bc5 Re8 18. Qe3 Ba6 19. Rf3 Bb7 20. f5 Qh4 21. Rh3
Qc4 22. f6 Bxc5 23. Nxc5 Bc8 24. Rg3 g6 25. Kh1 Qh4 26. Na6 Rb7 27. Nb4 Rb6 28.
Rd1 Qh5 29. Rf1 Rxe5 30. Qc5 Bd7 31. a4 Qe2 32. Rgf3 Rf5 33. Rxf5 Bxf5 34. Rg1
Qe6 35. a5 Rb5 36. Qxa7 Qxf6 37. Qxc7 Qxc3 38. Nxc6 Rc5 39. Ne7+ Kg7 40. Nxf5+
gxf5 41. Qd8 Rxa5 42. Qg5+ Kf8 43. Qd8+ Kg7 44. Qg5+ Kf8 45. Qd8+ Kg7 {Game
drawn by repetition} 1/2-1/2

[Event "Team 45 45 League T74"]
[Site "Internet Chess Club"]
[Date "2017.09.20"]
[Round "2"]
[White "limeinthecoke"]
[Black "liujf"]
[Result "1-0"]
[WhiteElo "1472"]
[BlackElo "1566"]
[Opening "English: symmetrical variation"]
[ECO "A33"]
[Time "17:30:19"]
[TimeControl "2700+45"]

1. c4 Nf6 2. Nc3 c5 3. Nf3 Nc6 4. d4 cxd4 5. Nxd4 e6 6. a3 Bc5 7. Nb3 Bb6 8. c5
Bc7 9. Bg5 h6 10. Bh4 b6 11. e3 O-O 12. Rc1 Bb7 13. Nb5 Bb8 14. Nd6 Bxd6 15.
cxd6 g5 16. Bg3 Ne5 17. Bxe5 Ne4 18. Nd2 Nc5 19. f3 Bc8 20. b4 Nb7 21. Bd3 Re8
22. O-O Nxd6 23. Bxd6 e5 24. Bc4 b5 25. Bd5 Qb6 26. Bxa8 Qxd6 27. Ne4 Qb6 28.
Qd2 Qb8 29. Nf6+ Kf8 30. Rxc8 Qxc8 31. Nxe8 Qxe8 32. Be4 Qe6 33. Rc1 Kg7 34. Rc7
d6 35. g4 Kf8 36. Qc2 Kg7 37. Kg2 {Black resigns} 1-0

[Event "Team 45 45 League T74"]
[Site "Internet Chess Club"]
[Date "2017.09.20"]
[Round "2"]
[White "joaoazm"]
[Black "Kingofknights"]
[Result "1-0"]
[WhiteElo "1296"]
[BlackElo "1428"]
[Opening "Réti: King's Indian attack"]
[ECO "A08"]
[Time "20:00:53"]
[TimeControl "2700+45"]

1. Nf3 d5 2. g3 c5 3. Bg2 Nc6 4. d4 Nf6 5. O-O cxd4 6. Nxd4 e5 7. Nxc6 bxc6 8.
c4 Be6 9. Nc3 Qd7 10. cxd5 cxd5 11. Bg5 Rb8 12. Bxf6 gxf6 13. Qd2 Bb4 14. Qh6
Ke7 15. e3 Rbg8 16. Rfd1 Bxc3 17. bxc3 Rg6 18. Qh4 Rg4 19. Qh5 Rc4 20. Rdc1 h6
21. h3 Qc7 22. Rab1 Kf8 23. Qf3 Kg7 24. Rb3 Rc8 25. Qe2 Qd7 26. Qd1 a5 27. Ra3
Qb5 28. Bf1 Qb2 29. Rb3 Qxa2 30. Ra1 Qxb3 31. Qxb3 Rxc3 32. Qd1 R3c5 33. Bg2
R8c7 34. Qb3 d4 35. Qd1 dxe3 36. fxe3 Rd7 37. Qb1 Rdc7 38. Qd1 Rd7 39. Qb1 Rdc7
40. Qb2 a4 41. Rxa4 Rc1+ 42. Kh2 R1c2 43. Qb8 Rc8 44. Qb5 Rd2 45. Qf1 Rcc2 46.
Kh1 Rf2 47. Qg1 Rfe2 48. Bf3 Rf2 49. Be4 Rcd2 50. g4 Bb3 51. Ra1 Bc4 52. Rc1 Be6
53. Rc3 Rb2 54. Rc7 Rfd2 55. Qc1 Bb3 56. Rb7 Rf2 57. Kg1 Rfe2 58. Rb8 Red2 59.
Rxb3 Rxb3 60. Qxd2 Ra3 61. Kf2 Ra7 62. Kf3 Ra1 63. Qd7 Rh1 64. Bd5 Rxh3+ 65. Kg2
Rxe3 66. Qxf7+ Kh8 67. Qg8# {Black checkmated} 1-0

[Event "Team 45 45 League T74"]
[Site "Internet Chess Club"]
[Date "2017.09.22"]
[Round "2"]
[White "QuimCatala"]
[Black "Xbug"]
[Result "1/2-1/2"]
[WhiteElo "1302"]
[BlackElo "1159"]
[Opening "Sicilian: dragon, Yugoslav attack, Rauser variation"]
[ECO "B76"]
[Time "16:01:53"]
[TimeControl "2700+45"]

1. e4 c5 2. Nf3 Nc6 3. d4 cxd4 4. Nxd4 g6 5. f3 Bg7 6. Be3 d6 7. Nc3 Nf6 8. Qd2
O-O 9. O-O-O Bd7 10. Kb1 Nxd4 11. Bxd4 Be6 12. h4 h5 13. Be2 Qa5 14. a3 a6 15.
Qf4 b5 16. g4 b4 17. axb4 Qxb4 18. g5 Nd7 19. Bxg7 Kxg7 20. Qe3 Rab8 21. Qd4+
Kg8 22. Qxb4 Rxb4 23. Nd5 Bxd5 24. Rxd5 Rb6 25. f4 Rfb8 26. b3 Nc5 27. f5 a5 28.
fxg6 fxg6 29. e5 a4 30. Bc4 Kg7 31. exd6 exd6 32. Rf1 axb3 33. Bxb3 Nxb3 34.
cxb3 Rxb3+ 35. Kc2 Rb2+ 36. Kd3 R8b3+ 37. Kc4 Rb4+ {Game drawn by mutual
agreement} 1/2-1/2

[Event "Team 45 45 League T74"]
[Site "Internet Chess Club"]
[Date "2017.09.23"]
[Round "2"]
[White "rubo"]
[Black "bluesun"]
[Result "1-0"]
[WhiteElo "1531"]
[BlackElo "1470"]
[Opening "Queen's bishop game"]
[ECO "D02"]
[Time "16:22:03"]
[TimeControl "2700+45"]

1. d4 d5 2. Nf3 Nf6 3. Bf4 c6 4. e3 Bf5 5. Be2 a6 6. c3 b5 7. a3 Nbd7 8. h3 Nb6
9. Nbd2 Rc8 10. b4 e6 11. O-O Bd6 12. Bxd6 Qxd6 13. Ne5 O-O 14. Nb3 Nfd7 15. f4
f6 16. Nxd7 Nxd7 17. a4 e5 18. fxe5 fxe5 19. axb5 cxb5 20. Nc5 Nxc5 21. dxc5 Qe6
22. Rxf5 Qxf5 23. Qxd5+ Kh8 24. Rf1 Qg5 25. Rxf8+ Rxf8 26. Qe4 Qf5 27. Bf3 Qxe4
28. Bxe4 Rf6 29. Bb7 Rf8 30. c6 Rf7 31. Bxa6 Rc7 32. Bxb5 Kg8 33. Bc4+ Kf8 34.
b5 Ke8 35. Bd5 Kd8 36. b6 Rc8 37. c4 h6 38. c5 g5 39. g4 e4 40. Kf2 h5 41. gxh5
g4 42. hxg4 Ke7 43. b7 Kd8 44. bxc8=Q+ Kxc8 45. h6 Kd8 46. h7 Kc7 47. g5 Kd8 48.
h8=Q+ Kc7 49. Qe5+ Kc8 50. Qe8+ Kc7 51. Qd7+ Kb8 52. Qb7# {Black checkmated} 1-0

[Event "Team 45 45 League T74"]
[Site "Internet Chess Club"]
[Date "2017.09.24"]
[Round "2"]
[White "MasterD"]
[Black "nosir"]
[Result "1-0"]
[WhiteElo "1480"]
[BlackElo "1438"]
[Opening "Pirc: classical (two knights) system"]
[ECO "B06"]
[Time "08:02:51"]
[TimeControl "2700+45"]

1. e4 g6 2. d4 Bg7 3. Nc3 d6 4. Nf3 Nf6 5. Bc4 O-O 6. O-O Bg4 7. Be3 c6 8. Bb3
b5 9. a3 Nbd7 10. h3 Bxf3 11. Qxf3 Nb6 12. Qg3 Nc4 13. Bxc4 bxc4 14. f4 d5 15.
e5 Ne4 16. Nxe4 dxe4 17. f5 Rb8 18. Rab1 Qc7 19. Qh4 c5 20. f6 exf6 21. exf6 Bh8
22. Bf4 Qb6 23. Bxb8 Rxb8 24. dxc5 Qxc5+ 25. Kh1 Qe5 26. Rbe1 Re8 27. c3 Re6 28.
Rf4 Bxf6 29. Qg4 h5 30. Qg3 g5 31. Rexe4 Qd6 32. Rxe6 Qxe6 33. Rf1 Kg7 34. Qf2
a6 35. Qf5 Qd6 36. Qf3 h4 37. Rd1 Qe6 38. Qd5 Qe2 39. Qd2 Qe6 40. Re1 Qc6 41.
Qe3 Qd7 42. Qe4 Qd2 43. Rb1 a5 44. Qxc4 Qc2 45. Qf1 Be5 46. Qc1 Qf5 47. c4 Bc7
48. b4 Qe5 49. Qg1 Qc3 50. Qc5 Qg3 51. Kg1 Qh2+ 52. Kf1 Qf4+ 53. Qf2 Qxc4+ 54.
Kg1 axb4 55. Qb2+ f6 56. Qxb4 Qa6 57. Qe7+ Kg6 58. Qxc7 Qxa3 59. Qc2+ Kf7 60.
Rb7+ Ke6 61. Qe4+ {Black resigns} 1-0

[Event "Team 45 45 League T74"]
[Site "Internet Chess Club"]
[Date "2017.09.22"]
[Round "2"]
[White "zethhon"]
[Black "KnightmanAJ"]
[Result "0-1"]
[WhiteElo "1403"]
[BlackElo "1407"]
[Opening "Queen's bishop game"]
[ECO "D02"]
[Time "21:01:18"]
[TimeControl "2700+45"]

1. d4 d5 2. Nf3 Nf6 3. Bf4 c5 4. c3 Qb6 5. Qb3 Nc6 6. e3 c4 7. Qxb6 axb6 8. Nbd2
b5 9. Be2 b4 10. O-O bxc3 11. bxc3 Nh5 12. Bg5 h6 13. Bh4 g5 14. Bg3 Nxg3 15.
fxg3 e6 16. Ne1 Ba3 17. Rd1 Bb2 18. Nb1 Ne7 19. Rd2 Bc1 20. Rd1 Bxe3+ 21. Kh1
Rxa2 22. Bh5 Rf2 23. Rxf2 Bxf2 24. Nf3 Nf5 25. Rf1 Bxg3 26. Kg1 Bd6 27. Nfd2 Ke7
28. g4 Bf4 29. gxf5 exf5 30. Bf3 Be6 31. Re1 Kd6 32. Nf1 g4 33. Bg2 Ra8 34. Nbd2
Ra2 35. Re2 Ra1 36. Rf2 Be3 37. h3 Bxf2+ 38. Kxf2 Rc1 39. hxg4 fxg4 40. Ne3 Rxc3
{White resigns} 0-1

[Event "Team 45 45 League T74"]
[Site "Internet Chess Club"]
[Date "2017.09.23"]
[Round "2"]
[White "vedv"]
[Black "g8wrb"]
[Result "0-1"]
[WhiteElo "985"]
[BlackElo "1271"]
[Opening "French: advance variation"]
[ECO "C02"]
[Time "12:01:05"]
[TimeControl "2700+45"]

1. e4 e6 2. d4 d5 3. e5 c5 4. c3 Nc6 5. Be3 cxd4 6. cxd4 Qb6 7. Bd3 Qxb2 8. Nd2
Bb4 9. Rb1 Bxd2+ 10. Bxd2 Qxd4 11. Nf3 Qxd3 12. Rb3 Qc4 13. Rc3 Qxa2 14. O-O
Nge7 15. Ng5 Ng6 16. Qf3 Ncxe5 17. Bf4 Nxf3+ 18. Rxf3 Nxf4 19. Rxf4 O-O 20. Re1
Bd7 21. Re3 Qa1+ 22. Re1 Qxe1# {White checkmated} 0-1